 Dungeon Crawl Stone Soup version 0.25.0-9-g26727b657a (webtiles) character file.

Game seed: 15436847001661583251

15653 HoaS the Brawler (level 12, -1/82 HPs)
             Began as a Gargoyle Berserker on June 21, 2020.
             Was a High Priest of Trog.
             Slain by a white ugly thing (25 damage)
             ... on level 11 of the Dungeon.
             The game lasted 00:28:06 (9090 turns).

HoaS the Brawler (Gargoyle Berserker)               Turns: 9090, Time: 00:28:07

Health: -1/82      AC: 29    Str: 26    XL:     12   Next: 29%
Magic:  12/12      EV:  7    Int:  8    God:    Trog [*****.]
Gold:   626        SH:  0    Dex:  9    Spells: 11/11 levels left

rFire    . . .     SeeInvis .     - Unarmed
rCold    . . .     Gourm    .   (no shield)
rNeg     + . .     Faith    .   B - +1 plate armour
rPois    ∞         Spirit   .   G - +0 helmet
rElec    +         Reflect  .   r - +1 cloak
rCorr    +         Harm     .   o - +1 pair of gloves
MR       .....                  a - +2 pair of boots
Stlth    ..........             (no amulet)
HPRegen  0.23/turn              E - ring of resist corrosion
MPRegen  0.13/turn              (no ring)

@: no status effects
A: negative energy resistance 1, electricity resistance, unbreathing,
petrification resistance, rot immunity, AC +8
a: Berserk, Trog's Hand, Brothers in Arms, Renounce Religion


You were on level 11 of the Dungeon.
You worshipped Trog.
Trog was extremely pleased with you.
You were near starving.

You visited 1 branch of the dungeon, and saw 12 of its levels.
You also visited: Sewer.

You collected 626 gold pieces.

Inventory:

Armour
 a - a +2 pair of boots (worn)
 o - a +1 pair of gloves (worn)
 r - a +1 cloak (worn)
 B - a +1 plate armour (worn)
 G - a +0 helmet (worn)
Jewellery
 n - an uncursed ring of fire
 w - the ring of Xomituemm {rC+ Dex-4 Stlth+}
   (You found it on level 6 of the Dungeon)

   [ring of dexterity]

   It affects your dexterity (-4).
   It protects you from cold.
   It makes you more stealthy.
 E - a ring of resist corrosion (left hand)
Wands
 c - a wand of disintegration (15)
 k - a wand of acid (5)
 t - a wand of iceblast (6)
 y - a wand of flame (44)
 H - a wand of polymorph (8)
Scrolls
 d - 7 scrolls of teleportation
 e - 4 scrolls of remove curse
 f - 2 scrolls of fear
 m - 4 scrolls of fog
 p - 4 scrolls of identify
 v - 2 scrolls of magic mapping
 D - a scroll of blinking
Potions
 g - 3 potions of flight
 h - 5 potions of lignification
 i - 2 potions of haste
 j - a potion of mutation
 l - 3 potions of resistance
 q - 3 potions of might
 s - a potion of ambrosia {unknown}
 u - 5 potions of curing
 x - a potion of stabbing {unknown}
 z - 2 potions of heal wounds {unknown}
 A - 2 potions of degeneration {unknown}
 C - a potion of cancellation {unknown}
 F - a potion of magic {unknown}
Comestibles
 b - 23 rations


   Skills:
 + Level 12.6 Fighting
 - Level 2.1 Armour
 - Level 1.5 Dodging
 * Level 15.5 Unarmed Combat


You had 11 spell levels left.
You didn't know any spells.
Your spell library was empty.

Dungeon Overview and Level Annotations

Branches:
Dungeon (12/15)            Temple (0/1) D:5            Lair (0/6) D:10
    Orc (0/2) D:11          Sewer (visited)

Altars:
Cheibriados
Elyvilon
Fedhas
Gozag
Hepliaklqana
Kikubaaqudgha
Makhleb
Nemelex Xobeh
Okawaru
Qazlal
Sif Muna
Trog
Yredelemnul
Zin
Beogh

Shops:
D:4 (   D:6 =   D:9 ?


Innate Abilities, Weirdness & Mutations

You are resistant to torment.
Your stone body is resilient. (AC +8)
You are immune to poison.
You resist negative energy. (rN+)
You are resistant to electric shocks. (rElec)
You can survive without breathing.
You are immune to petrification.
You are immune to rotting.


Message History

You hit the white ugly thing.
The white ugly thing is heavily wounded.
The white ugly thing barely misses you.
You punch the white ugly thing! Your punch misses the white ugly thing.
The white ugly thing is heavily wounded.
You completely miss the white ugly thing.
The white ugly thing is heavily wounded.
The white ugly thing kicks you but does no damage.
You closely miss the white ugly thing.
The white ugly thing is heavily wounded.
The white ugly thing kicks you but does no damage.
You punch the white ugly thing!
The white ugly thing is almost dead.
The white ugly thing kicks you but does no damage.
You barely miss the white ugly thing.
The white ugly thing is almost dead.
You closely miss the white ugly thing. Your punch misses the white ugly thing.
The white ugly thing is almost dead.
The white ugly thing kicks you! The white ugly thing freezes you!!
You die...

######.##.####..#....
#.......#.#.(........
#.#..#....#.##.(#....
#.#..#..###.##..#....
#.#(....# #.##..####.
#.##.##.###.##.......
#.##.#......###......
####.##†##########...##.
#....##@................
#.#####u................
#.# ############..^###
#.# #...# #.# ####...#
#.# #.##...### #.#
#.##......
#.#############.##....##
#...............##......


You could see a white ugly thing.

Vanquished Creatures
  3 two-headed ogres
  The ghost of ZZKoverts the Grappler, a novice TrFi of Dithmenos (D:8)
  Sonja (D:10)
  The ghost of Saqeow the Carver, a novice OpBe of Trog (D:7)
  Pikel (D:4)
  A cyclops (D:11)
  2 manticores
  3 ugly things
  Maggie (D:7)
  A komodo dragon (D:10)
  2 trolls (D:11)
  Prince Ribbit (D:7)
  3 hippogriffs
  Sigmund (D:6)
  2 wyverns
  A wraith (D:10)
  4 hogs (D:8)
  A human (D:8)
  Menkaure (D:7)
  A soldier ant (D:11)
  A water moccasin (D:10)
  2 slaves (D:4)
  5 orc warriors
  2 sky beasts
  An ice beast (D:10)
  6 ogres
  3 phantoms
  A necrophage (D:6)
  11 centaurs
  3 crocodiles
  A big kobold (D:8)
  7 bullfrogs
  A wyvern skeleton (D:8)
  3 scorpions
  2 howler monkeys
  3 centaur zombies
  4 crimson imps
  2 bullfrog zombies
  A bullfrog skeleton (D:9)
  4 orc priests
  5 hounds
  4 centaur skeletons
  9 orc wizards
  2 gnoll shamans
  Jessica (D:2)
  2 iguanas
  8 worker ants
  A hound skeleton (D:3)
  2 howler monkey zombies
  4 worker ant zombies
  14 gnolls
  2 howler monkey skeletons
  14 adders
  2 shadow imps
  2 adder skeletons
  2 worms
  4 leopard geckos
  32 orcs
  9 bats
  8 giant cockroaches
  9 goblins
  3 hobgoblins
  20 jackals
  13 kobolds
  8 quokkas
  A ball python (D:7)
  2 frilled lizards
  A jackal skeleton (D:7)
  9 rats
288 creatures vanquished.

Vanquished Creatures (others)
  2 slaves (D:4)
  16 plants (D:10)
18 creatures vanquished.

Grand Total: 306 creatures vanquished

Notes
Turn   | Place    | Note
-------+----------+-------------------------------------------
     0 | D:1      | HoaS the Gargoyle Berserker began the quest for the Orb.
     0 | D:1      | Reached XP level 1. HP: 14/14 MP: 1/1
   240 | D:1      | Reached XP level 2. HP: 19/19 MP: 2/2
   759 | D:2      | Found a sparkling altar of Nemelex Xobeh.
   814 | D:2      | Reached skill level 4 in Unarmed Combat
   814 | D:2      | Reached XP level 3. HP: 14/24 MP: 3/3
  1139 | D:2      | Reached XP level 4. HP: 29/29 MP: 4/4
  1243 | D:2      | Noticed Jessica
  1275 | D:2      | Killed Jessica
  1275 | D:2      | Reached XP level 5. HP: 34/34 MP: 5/5
  1333 | D:2      | Found an ancient bone altar of Kikubaaqudgha.
  1364 | D:2      | Reached skill level 5 in Unarmed Combat
  1438 | D:3      | Reached ** piety under Trog
  2185 | D:4      | Found a hazy altar of Hepliaklqana.
  2247 | D:4      | Found Timusy's Weapon Shop.
  2315 | D:4      | Found a burning altar of Makhleb.
  2323 | D:4      | Reached XP level 6. HP: 40/40 MP: 6/6
  2345 | D:4      | Noticed a slave
  2345 | D:4      | Noticed a slave
  2345 | D:4      | Noticed a slave
  2346 | D:4      | Noticed Pikel
  2346 | D:4      | Noticed a slave
  2383 | D:4      | Killed Pikel
  2383 | D:4      | Reached skill level 7 in Unarmed Combat
  2383 | D:4      | Reached XP level 7. HP: 40/46 MP: 7/7
  2710 | D:4      | Found a snail-covered altar of Cheibriados.
  2747 | D:4      | Reached XP level 8. HP: 49/52 MP: 8/8
  2783 | D:4      | Reached skill level 8 in Unarmed Combat
  2830 | D:4      | Found a shimmering blue altar of Sif Muna.
  3014 | D:5      | Entered Level 5 of the Dungeon
  3049 | D:5      | Reached *** piety under Trog
  3091 | D:5      | Found a staircase to the Ecumenical Temple.
  3186 | D:5      | Found a glowing drain.
  3225 | Sewer    | Entered a sewer
  3542 | D:5      | Got a glittering golden ring
  3543 | D:5      | Identified the ring "Metigrin" {rElec Str+4 Dex-4 Stlth+}
                  | (You found it on level 5 of the Dungeon)
  3577 | D:5      | Noticed a wyvern
  3589 | D:5      | Killed a wyvern
  3589 | D:5      | Reached skill level 9 in Unarmed Combat
  3849 | D:6      | Found a blossoming altar of Fedhas.
  3854 | D:6      | Found a bloodstained altar of Trog.
  3854 | D:6      | Found an opulent altar of Gozag.
  3906 | D:6      | Noticed Sigmund
  3918 | D:6      | Killed Sigmund
  3918 | D:6      | Reached XP level 9. HP: 50/59 MP: 9/9
  3949 | D:6      | Found a white marble altar of Elyvilon.
  3949 | D:6      | Found a basalt altar of Yredelemnul.
  3950 | D:6      | Found a burning altar of Makhleb.
  4041 | D:6      | Found Giugamei's Jewellery Shop.
  4077 | D:6      | Reached skill level 10 in Unarmed Combat
  4196 | D:6      | Got a fine granite ring
  4197 | D:6      | Identified the cursed ring of Xomituemm {rC+ Dex-4 Stlth+}
                  | (You found it on level 6 of the Dungeon)
  4331 | D:6      | Reached **** piety under Trog
  4777 | D:7      | Noticed Prince Ribbit
  4821 | D:7      | Killed Prince Ribbit
  4821 | D:7      | Reached skill level 11 in Unarmed Combat
  5044 | D:7      | Noticed Maggie
  5057 | D:7      | Killed Maggie
  5057 | D:7      | Reached XP level 10. HP: 63/66 MP: 10/10
  5096 | D:7      | Noticed Menkaure
  5104 | D:7      | Killed Menkaure
  5164 | D:7      | Found a runed translucent door.
  5165 | D:7      | Noticed Saqeow's ghost (novice OpBe)
  5165 | D:7      | Noticed a manticore
  5481 | D:8      | Found a stormy altar of Qazlal.
  5662 | D:8      | Found a large runed translucent door.
  5662 | D:8      | Found a large runed translucent door.
  5663 | D:8      | Noticed ZZKoverts's ghost (novice TrFi)
  5760 | D:8      | Reached skill level 12 in Unarmed Combat
  5793 | D:8      | Reached skill level 10 in Fighting
  6148 | D:9      | Found an iron altar of Okawaru.
  6210 | D:9      | Found Voemuhorph's Magic Scroll Boutique.
  6347 | D:9      | Noticed a two-headed ogre
  6353 | D:9      | Killed a two-headed ogre
  6442 | D:9      | Reached ***** piety under Trog
  6814 | D:10     | Entered Level 10 of the Dungeon
  6820 | D:10     | Reached skill level 13 in Unarmed Combat
  6835 | D:10     | Noticed a two-headed ogre
  6851 | D:10     | Killed a two-headed ogre
  6851 | D:10     | Reached XP level 11. HP: 73/73 MP: 11/11
  6987 | D:10     | Found a glowing silver altar of Zin.
  7088 | D:10     | Noticed Sonja
  7123 | D:10     | Noticed a two-headed ogre
  7416 | D:10     | Killed Sonja
  7549 | D:10     | Found a staircase to the Lair.
  7565 | D:10     | Killed a two-headed ogre
  7565 | D:10     | Reached skill level 14 in Unarmed Combat
  7973 | D:7      | Killed Saqeow's ghost
  7980 | D:7      | Killed a manticore
  8133 | D:8      | Killed ZZKoverts's ghost
  8187 | D:11     | Found a frozen archway.
  8187 | D:11     | Noticed a cyan ugly thing
  8199 | D:10     | Killed a cyan ugly thing
  8436 | D:11     | Found a staircase to the Orcish Mines.
  8522 | D:11     | Received a gift from Trog
  8522 | D:11     | Reached skill level 15 in Unarmed Combat
  8522 | D:11     | Reached XP level 12. HP: 62/81 MP: 12/12
  8586 | D:11     | Found a roughly hewn altar of Beogh.
  9090 | D:11     | Slain by a white ugly thing

Illustrated notes

Levels and vault maps discovered:
D:1:      tarquinn_simple_flora_water_e, layout_loops_ring
D:2:      layout_basic, old_standard_altar, first_ration,
          nemelex_xobeh_ov_fountains_minmay, uniq_jessica
D:3:      layout_loops_ring
D:4:      layout_loops_ring, nicolae_overflow_crystal_walls,
          lemuel_coloured_pillars_altar, kennysheep_mini, serial_shops,
          nicolae_shop_behind_doors, makhleb_heckhound_becter, uniq_pikel
D:5:      layout_basic, minmay_temple_entry_crystal_x, gup_sewer_entry_glass
D:6:      layout_loops_ring, grunt_temple_overflow_open, serial_shops, shop,
          minmay_checkerbox, uniq_sigmund
D:7:      layout_rooms, serial_corexii_hall, corexii_hall_statues_l,
          corexii_hall_statues_deadend, chequers_hall_statues_corner_a,
          corexii_hall_statues_x, ebering_ghost_inner_flame,
          uniq_prince_ribbit1, uniq_maggie, uniq_menkaure
D:8:      layout_basic, nicolae_qazlal_style_of_elements,
          ebering_ghost_disaster_area, grunt_livestock
D:9:      layout_loops_ring, okawaru_metal_pillars_1_2, serial_shops,
          nicolae_shop_crystal
D:10:     layout_loops_ring, david_lair_shrubbed, basic_altar,
          minmay_misc_feat_roman, uniq_sonja
D:11:     layout_basic, minmay_orc_entry_temple_small,
          portal_ice_cave_entry_pillars_1, corexii_leaking_fountain,
          kennysheep_generic_room_5
D:12:     layout_long_grid, serial_shops, kennysheep_mini_moat,
          nicolae_shop_statue_plus, shop, shop, shop

Skill      XL: |  1  2  3  4  5  6  7  8  9 10 11 |
---------------+----------------------------------+-----
Fighting       | 4 6 7 9 10 12 | 12.6
Unarmed Combat | 4 5 7 9 11 13 15 | 15.5
Armour         | |  2.1
Dodging        | |  1.5

Action                   |  1- 3 |  4- 6 |  7- 9 | 10-12 || total
-------------------------+-------+-------+-------+-------++-------
Melee: Unarmed           |    72 |   210 |   438 |   511 ||  1231
       Punch             |     2 |       |    11 |    23 ||    36
Invok: Berserk           |     1 |       |     2 |     4 ||     7
       Trog's Hand       |       |       |     1 |     3 ||     4
Evoke: Wand              |       |       |       |     5 ||     5
  Use: Scroll            |       |       |    15 |     7 ||    22
  Eat: Chunk             |       |     6 |    11 |    13 ||    30
       Ration            |       |       |       |     1 ||     1
Armor: Chain mail        |    30 |   105 |   296 |       ||   431
       Plate armour      |       |       |     6 |   408 ||   414
Dodge: Dodged            |    40 |    82 |   169 |   187 ||   478
